[Event "48th Indian U15-ch Open 2023"]
[Site "Jalgaon"]
[Date "2023.12.27"]
[Round "1.1"]
[White "Mayank Chakraborty"]
[Black "Piyush Tandon"]
[Result "1-0"]
[WhiteElo "2403"]
[BlackElo "1456"]
[PlyCount "73"]
[EventDate "2023.12.30"]
[EventType "swiss"]
[EventCountry "IND"]
[TimeControl "5400+30"]

1. d4 Nf6 2. c4 e6 3. Nf3 d5 4. Nc3 Bb4 5. cxd5 exd5 6. Bg5 O-O 7. e3 Bf5 8. Qb3 Bxc3+ 9. Qxc3 c6 10. Nd2 Nbd7 11. Be2 h6 12. Bf4 Ne4 13. Nxe4 dxe4 14. g4 Be6 15. Rg1 Nb6 16. Qc2 g5 17. Be5 Bd5 18. h4 f6 19. Bg3 Kg7 20. Rh1 Qe7 21. a3 Qe6 22. Rh2 Nc4 23. O-O-O Na5 24. Rdh1 Rh8 25. hxg5 hxg5 26. f4 Rxh2 27. Rxh2 Nb3+ 28. Kb1 gxf4 29. Bxf4 Rh8 30. Rxh8 Kxh8 31. Qc3 Qf7 32. Qb4 c5 33. dxc5 Qh7 34. Qe1 Nxc5 35. Qc3 Qe7 36. Qd4 Bb3 37. Bd6 1-0

[Event "48th Indian U15-ch Open 2023"]
[Site "Jalgaon"]
[Date "2023.12.27"]
[Round "1.2"]
[White "Keshav Arora"]
[Black "Shaik Sumer Arsh"]
[Result "0-1"]
[WhiteElo "1447"]
[BlackElo "2255"]
[PlyCount "72"]
[EventDate "2023.12.30"]
[EventType "swiss"]
[EventCountry "IND"]
[TimeControl "5400+30"]

1. d4 Nf6 2. c4 e6 3. Nf3 d5 4. Nc3 Bb4 5. cxd5 exd5 6. Bg5 h6 7. Bxf6 Qxf6 8. Qb3 Qb6 9. e3 c6 10. Bd3 Bd6 11. Qc2 Bg4 12. h3 Bxf3 13. gxf3 Nd7 14. Rg1 O-O 15. O-O-O Nf6 16. Rg2 Rfd8 17. Rdg1 Bf8 18. Be2 c5 19. Na4 Qa5 20. dxc5 Rac8 21. Kb1 d4 22. exd4 Rxd4 23. Qf5 Rc6 24. b3 Rxa4 25. bxa4 Qb4+ 26. Ka1 Qc3+ 27. Kb1 Qb4+ 28. Ka1 Qd4+ 29. Kb1 Rxc5 30. Qd3 Qxa4 31. Bd1 Qb4+ 32. Bb3 Qb6 33. Ka1 g5 34. Qg6+ Bg7 35. Qxf7+ Kh8 36. Re1 Ne4+ 0-1

[Event "48th Indian U15-ch Open 2023"]
[Site "Jalgaon"]
[Date "2023.12.27"]
[Round "1.3"]
[White "Md Imran"]
[Black "Dolas, Aarush"]
[Result "1-0"]
[WhiteElo "2174"]
[BlackElo "1445"]
[PlyCount "171"]
[EventDate "2023.12.30"]
[EventType "swiss"]
[EventCountry "IND"]
[TimeControl "5400+30"]

1. Nf3 Nf6 2. d4 d5 3. Bf4 Bf5 4. e3 e6 5. Bd3 Bg6 6. O-O Bd6 7. Ne5 O-O 8. Nd2 Bxd3 9. cxd3 Nfd7 10. Qb3 Bxe5 11. dxe5 Qc8 12. Rac1 c5 13. e4 Nc6 14. exd5 Nd4 15. Qd1 exd5 16. Be3 Ne6 17. d4 Qe8 18. Nf3 c4 19. Nh4 f5 20. Qf3 f4 21. Qxd5 Nb6 22. Qxb7 fxe3 23. fxe3 Qh5 24. Nf3 Rf7 25. Qc6 Qh6 26. Qe4 Raf8 27. b3 cxb3 28. axb3 Qg6 29. Qxg6 hxg6 30. Rfe1 g5 31. h3 Rd7 32. Rc6 Re8 33. Kf2 Nd5 34. Kg3 Nb4 35. Rc4 Nd5 36. e4 Nb6 37. Rb4 Nf4 38. Rb5 Rdd8 39. Re3 Ng6 40. Ra5 Re7 41. Rc5 Rdd7 42. Rc6 Nf8 43. d5 Nxd5 44. exd5 Rxd5 45. Rc8 g6 46. Kg4 Kg7 47. Kxg5 Ne6+ 48. Kg4 Nd4 49. Rd3 Nf5 50. Rxd5 Ne3+ 51. Kg5 Nxd5 52. Rc6 Rb7 53. Rxg6+ Kh7 54. Rd6 Ne7 55. Nd4 Kg7 56. Nf5+ Nxf5 57. Kxf5 Rxb3 58. Rd7+ Kf8 59. Rxa7 Rb2 60. g3 Rf2+ 61. Kg4 Re2 62. Kf4 Re1 63. Ra3 Ke7 64. h4 Ke6 65. Ra6+ Ke7 66. h5 Rf1+ 67. Kg5 Re1 68. Ra7+ Ke6 69. g4 Rxe5+ 70. Kg6 Rb5 71. h6 Rb8 72. h7 Rc8 73. Rg7 Rc4 74. g5 Rh4 75. Rg8 Ke7 76. h8=R Rxh8 77. Rxh8 Kd7 78. Kf6 Kc7 79. g6 Kd6 80. g7 Kd5 81. g8=R Kd6 82. Rd8+ Kc7 83. Ke6 Kb7 84. Kd6 Ka6 85. Rb8 Ka5 86. Rh4 1-0

[Event "48th Indian U15-ch Open 2023"]
[Site "Jalgaon"]
[Date "2023.12.27"]
[Round "1.4"]
[White "Arnav Agrawal"]
[Black "Vignesh Advaith Vemula"]
[Result "0-1"]
[WhiteElo "1442"]
[BlackElo "2028"]
[PlyCount "108"]
[EventDate "2023.12.30"]
[EventType "swiss"]
[EventCountry "IND"]
[TimeControl "5400+30"]

1. d4 d5 2. c4 e6 3. Nc3 Be7 4. Nf3 Nf6 5. Bf4 O-O 6. e3 b6 7. cxd5 exd5 8. Bd3 Bb7 9. Rc1 c5 10. O-O Nc6 11. Ne5 Qc8 12. Bb1 Qe6 13. Nb5 Rfc8 14. Nxc6 Qxc6 15. Nc3 Rd8 16. Qf3 g6 17. Rfd1 Rac8 18. a4 a6 19. dxc5 bxc5 20. Bg5 Qe6 21. Ne2 Qe5 22. Bxf6 Bxf6 23. Rd2 Qe7 24. Ng3 Bg7 25. b3 Bc6 26. Qe2 c4 27. bxc4 Bxa4 28. Ba2 Bb5 29. Rdc2 Ba4 30. Rd2 Qa3 31. Rb1 d4 32. Rd3 Qc5 33. Ne4 Qe7 34. exd4 Bxd4 35. Re1 Bc6 36. Nc3 Qxe2 37. Nxe2 Bxf2+ 38. Kxf2 Rxd3 39. Bb1 Rd2 40. Ke3 Rb2 41. Bd3 Bxg2 42. Ra1 Re8+ 43. Kd4 Rexe2 44. Bxe2 Rxe2 45. Rxa6 Rd2+ 46. Kc3 Rd1 47. Ra2 Be4 48. Kb4 Rc1 49. c5 f5 50. Re2 Rc2 51. Rxc2 Bxc2 52. c6 f4 53. c7 Bf5 54. Kc3 Kf7 0-1

[Event "48th Indian U15-ch Open 2023"]
[Site "Jalgaon"]
[Date "2023.12.27"]
[Round "1.5"]
[White "Vivaan Vijay Saraogi"]
[Black "Adwaith Praveen"]
[Result "1-0"]
[WhiteElo "1982"]
[BlackElo "1434"]
[PlyCount "60"]
[EventDate "2023.12.30"]
[EventType "swiss"]
[EventCountry "IND"]
[TimeControl "5400+30"]

1. e4 e5 2. Nf3 Nc6 3. Bb5 a6 4. Ba4 Nge7 5. c3 g6 6. O-O Bg7 7. d4 exd4 8. cxd4 b5 9. Bc2 d5 10. exd5 Nb4 11. Re1 Nxc2 12. Qxc2 O-O 13. Nc3 Bb7 14. Ne4 Nxd5 15. Bg5 Nf6 16. Ne5 Bxe4 17. Rxe4 Qd5 18. Bxf6 Bxf6 19. Rae1 Bxe5 20. dxe5 Qxa2 21. Qxc7 Qxb2 22. Qe7 Rfe8 23. Qg5 Re6 24. f4 Rae8 25. Qh6 f6 26. f5 gxf5 27. exf6 Qd4+ 28. Rxd4 Rxe1+ 29. Kf2 R1e2+ 30. Kf3 R2e3+ 1-0

[Event "48th Indian U15-ch Open 2023"]
[Site "Jalgaon"]
[Date "2023.12.27"]
[Round "1.6"]
[White "Vaz, Edrick"]
[Black "Mrithyunjay Mahadevan"]
[Result "0-1"]
[WhiteElo "1432"]
[BlackElo "1944"]
[PlyCount "148"]
[EventDate "2023.12.30"]
[EventType "swiss"]
[EventCountry "IND"]
[TimeControl "5400+30"]

1. e4 c5 2. c3 e6 3. d4 d5 4. exd5 Qxd5 5. Nf3 Nc6 6. Be2 Nf6 7. O-O Be7 8. Na3 O-O 9. Nb5 Qd7 10. dxc5 Bxc5 11. Qxd7 Bxd7 12. Bf4 a6 13. Bd6 Bxd6 14. Nxd6 b5 15. Rfd1 h6 16. h3 Rfb8 17. a3 Kf8 18. Nd2 Ne5 19. f4 Ng6 20. Bf3 Nd5 21. g3 Bc6 22. Nb3 Rd8 23. Ne4 Nge7 24. Na5 Ra7 25. Nxc6 Nxc6 26. Nc5 Nce7 27. Kf2 Rc8 28. Nb3 g6 29. Rd2 a5 30. Nd4 Rb7 31. Rdd1 b4 32. axb4 axb4 33. cxb4 Rxb4 34. b3 Rc3 35. Ra8+ Kg7 36. Ra4 Rcxb3 37. Nxb3 Rxa4 38. Rd2 Kf6 39. Nc5 Ra3 40. Ne4+ Kg7 41. Nd6 Ra6 42. Nc4 Kf6 43. Ne5 g5 44. Nd7+ Kg7 45. fxg5 hxg5 46. Nc5 Ra5 47. Ne4 Kg6 48. Nd6 Nc3 49. Nc4 Rc5 50. Ne3 f5 51. Rd7 Ncd5 52. Nxd5 Nxd5 53. Bxd5 Rxd5 54. Ra7 Rd2+ 55. Kg1 Rd3 56. Kf2 f4 57. gxf4 gxf4 58. Ra4 Kf5 59. Kg2 Rd2+ 60. Kg1 e5 61. Rb4 f3 62. h4 e4 63. Rb8 Kf4 64. Rf8+ Ke3 65. h5 Rd1+ 66. Kh2 f2 67. h6 f1=Q 68. Rxf1 Rxf1 69. h7 Rf8 70. Kg3 Kd2 71. Kg4 e3 72. Kg5 e2 73. Kg6 e1=Q 74. h8=Q Qg3+ 0-1

[Event "48th Indian U15-ch Open 2023"]
[Site "Jalgaon"]
[Date "2023.12.27"]
[Round "1.7"]
[White "Samyak Dharewa"]
[Black "Ishan Roy"]
[Result "1-0"]
[WhiteElo "1939"]
[BlackElo "1422"]
[PlyCount "77"]
[EventDate "2023.12.30"]
[EventType "swiss"]
[EventCountry "IND"]
[TimeControl "5400+30"]

1. e4 e6 2. Nf3 d5 3. Nc3 Bb4 4. e5 c5 5. Nb5 Nc6 6. c3 Ba5 7. d4 cxd4 8. Nbxd4 Nge7 9. Bd3 Nxd4 10. Nxd4 Qc7 11. O-O Bd7 12. f4 Nc6 13. Nb5 Qd8 14. Qh5 Bb6+ 15. Kh1 Bc5 16. f5 a6 17. Bg5 Qb6 18. Nd6+ Bxd6 19. exd6 e5 20. f6 g6 21. Bxg6 O-O-O 22. Bxf7 Qc5 23. Rad1 d4 24. cxd4 exd4 25. Bf4 Qxh5 26. Bxh5 Rhf8 27. Bh6 Rh8 28. f7 Rhf8 29. Rfe1 Nb4 30. Rxd4 Nc6 31. Rdd1 b5 32. Bxf8 Rxf8 33. Re8+ Bxe8 34. fxe8=Q+ Rxe8 35. Bxe8 Nd8 36. Rc1+ Kb7 37. d7 h5 38. Rc8 Ne6 39. Bf7 1-0

[Event "48th Indian U15-ch Open 2023"]
[Site "Jalgaon"]
[Date "2023.12.27"]
[Round "1.8"]
[White "Maaz Iqubal"]
[Black "Ankit Ray"]
[Result "0-1"]
[WhiteElo "1416"]
[BlackElo "1898"]
[PlyCount "80"]
[EventDate "2023.12.30"]
[EventType "swiss"]
[EventCountry "IND"]
[TimeControl "5400+30"]

1. e4 c5 2. Nf3 e6 3. d4 cxd4 4. Nxd4 Nc6 5. Nc3 Qc7 6. Be3 a6 7. Be2 Nf6 8. Qd2 Bb4 9. f3 d5 10. Nxc6 bxc6 11. a3 Bd6 12. g3 Bb7 13. O-O-O e5 14. Bg5 d4 15. Bxf6 gxf6 16. Nb1 Bc8 17. Bc4 Rb8 18. b3 a5 19. a4 Bb4 20. Qd3 Qd6 21. g4 Be6 22. Rdf1 Ke7 23. Kd1 Bxc4 24. Qxc4 Qe6 25. Qd3 c5 26. Nd2 Bxd2 27. Kxd2 Rb4 28. Rb1 Rhb8 29. Ra1 Rc8 30. Rhb1 Qb6 31. Kc1 Rb8 32. Ra3 c4 33. Qd2 Qc5 34. Kd1 R4b6 35. Qc1 Rd8 36. Ra2 d3 37. cxd3 Qg1+ 38. Kc2 cxb3+ 39. Rxb3 Rc8+ 40. Rc3 Rxc3+ 0-1

[Event "48th Indian U15-ch Open 2023"]
[Site "Jalgaon"]
[Date "2023.12.27"]
[Round "1.9"]
[White "Nirnay Garg"]
[Black "Chavan Aditya"]
[Result "0-1"]
[WhiteElo "1894"]
[BlackElo "1411"]
[PlyCount "110"]
[EventDate "2023.12.30"]
[EventType "swiss"]
[EventCountry "IND"]
[TimeControl "5400+30"]

1. d4 Nf6 2. Nf3 d5 3. c3 c6 4. Bf4 Bf5 5. e3 e6 6. Bd3 Bg6 7. O-O Bd6 8. Ne5 Qc7 9. Nxg6 hxg6 10. Bxd6 Qxd6 11. f4 Nbd7 12. Nd2 g5 13. Qf3 gxf4 14. exf4 g5 15. Rae1 gxf4 16. Qxf4 Qxf4 17. Rf2 Qf3 18. Rxf3 Ke7 19. Rf4 Rad8 20. Nf3 Rdg8 21. Rf1 Rg4 22. Rxg4 Nxg4 23. h3 Ngf6 24. Kf2 Ne4+ 25. Ke3 f5 26. Rh1 Ng3 27. Re1 Nf6 28. Ne5 Rg8 29. Kf3 Nge4 30. g4 Ng5+ 31. Kg2 Nge4 32. Be2 Nh5 33. Kh2 Nf4 34. Bf1 Ng6 35. Nxg6+ Rxg6 36. Be2 fxg4 37. Bxg4 Rf6 38. Kg1 Rg6 39. Kh2 Rf6 40. Rg1 Kd6 41. h4 Rh6 42. Bh3 Rxh4 43. Rg6 Nf2 44. Rxe6+ Kc7 45. Kg3 Rxh3+ 46. Kxf2 Rh2+ 47. Kf3 Rxb2 48. Re2 Rxe2 49. Kxe2 Kd6 50. Kf3 c5 51. Kf4 cxd4 52. cxd4 b5 53. Ke3 a5 54. Kd2 Ke6 55. a3 Kf5 0-1

[Event "48th Indian U15-ch Open 2023"]
[Site "Jalgaon"]
[Date "2023.12.27"]
[Round "1.10"]
[White "Singhal Keshav"]
[Black "Jihan Tejas Shah"]
[Result "0-1"]
[WhiteElo "1407"]
[BlackElo "1891"]
[PlyCount "60"]
[EventDate "2023.12.30"]
[EventType "swiss"]
[EventCountry "IND"]
[TimeControl "5400+30"]

1. e4 c5 2. Nf3 Nc6 3. c3 Nf6 4. Bd3 e5 5. Bc2 d5 6. exd5 Qxd5 7. d3 Bf5 8. O-O O-O-O 9. Bb3 Qxd3 10. Qxd3 Bxd3 11. Re1 c4 12. Ba4 Bd6 13. Bg5 Rhe8 14. Nbd2 a6 15. Bxc6 bxc6 16. Re3 Nd5 17. Rxd3 cxd3 18. Bxd8 Kxd8 19. Ne4 Kc7 20. Rd1 f5 21. Nxd6 Kxd6 22. c4 Nf4 23. g3 Ne2+ 24. Kf1 e4 25. Ne1 Kc5 26. b3 Kb4 27. f3 Nd4 28. fxe4 fxe4 29. Kg2 Nc2 30. Kf2 e3+ 0-1

[Event "48th Indian U15-ch Open 2023"]
[Site "Jalgaon"]
[Date "2023.12.28"]
[Round "2.1"]
[White "Snehaal Roy"]
[Black "Mayank Chakraborty"]
[Result "0-1"]
[WhiteElo "1654"]
[BlackElo "2403"]
[PlyCount "100"]
[EventDate "2023.12.30"]
[EventType "swiss"]
[EventCountry "IND"]
[TimeControl "5400+30"]

1. e4 e5 2. Nf3 Nc6 3. c3 d5 4. Qa4 dxe4 5. Nxe5 Qd5 6. Nxc6 bxc6 7. Bc4 Qd6 8. O-O Nf6 9. d4 Be7 10. Re1 O-O 11. Nd2 Bf5 12. f3 exf3 13. Nxf3 Be4 14. Ne5 c5 15. Bf4 Qb6 16. Qb3 Qxb3 17. Bxb3 cxd4 18. cxd4 Bb4 19. Rec1 Ba5 20. Nc4 Bb6 21. Nxb6 cxb6 22. Be5 a5 23. Re1 Rfe8 24. Bxf6 gxf6 25. Rxe4 Rxe4 26. Bd5 Rae8 27. Bxe4 Rxe4 28. Rd1 Re2 29. d5 Kf8 30. Rf1 Ke7 31. Rf2 Re1+ 32. Rf1 Rxf1+ 33. Kxf1 Kd6 34. Ke2 Kxd5 35. Kd3 b5 36. a3 f5 37. g3 a4 38. Kc3 f4 39. gxf4 Ke4 40. Kb4 Kxf4 41. Kxb5 f5 42. Kxa4 Ke4 43. b4 f4 44. b5 Kd5 45. Ka5 f3 46. b6 Kc6 47. Ka6 f2 48. b7 f1=Q+ 49. Ka7 Qb5 50. b8=Q Qa4# 0-1

[Event "48th Indian U15-ch Open 2023"]
[Site "Jalgaon"]
[Date "2023.12.28"]
[Round "2.2"]
[White "Shaik Sumer Arsh"]
[Black "Niladri Banerjee"]
[Result "1-0"]
[WhiteElo "2255"]
[BlackElo "1651"]
[PlyCount "77"]
[EventDate "2023.12.30"]
[EventType "swiss"]
[EventCountry "IND"]
[TimeControl "5400+30"]

1. d4 Nf6 2. c4 g6 3. Nc3 Bg7 4. e4 d6 5. Nf3 O-O 6. Be2 e5 7. Be3 Nbd7 8. O-O Re8 9. d5 h6 10. Nd2 g5 11. b4 Nf8 12. c5 Ng6 13. Nc4 b6 14. cxd6 cxd6 15. a4 Nf4 16. f3 Qd7 17. Rf2 Bb7 18. Bf1 g4 19. Nb5 Ba6 20. Nbxd6 Bxc4 21. Nxe8 Qxe8 22. Bxc4 h5 23. Bb5 Qd8 24. Bxf4 exf4 25. Rd2 Qd6 26. Rc1 Kh7 27. Qc2 Qe5 28. Qc7 Qg5 29. d6 gxf3 30. d7 Ng4 31. d8=Q Rxd8 32. Qxd8 f2+ 33. Kh1 Bf6 34. Qd5 Qh4 35. Qxf7+ Kh6 36. Qf8+ Kg5 37. Rd5+ Ne5 38. Rxe5+ Bxe5 39. Qf5+ 1-0

[Event "48th Indian U15-ch Open 2023"]
[Site "Jalgaon"]
[Date "2023.12.28"]
[Round "2.3"]
[White "Anirudh R"]
[Black "Md Imran"]
[Result "0-1"]
[WhiteElo "1621"]
[BlackElo "2174"]
[PlyCount "60"]
[EventDate "2023.12.30"]
[EventType "swiss"]
[EventCountry "IND"]
[TimeControl "5400+30"]

1. d4 Nf6 2. Bf4 c5 3. e3 cxd4 4. exd4 Qb6 5. Na3 Nd5 6. Bc1 e6 7. Nc4 Qc7 8. Nf3 b6 9. Ne3 Nxe3 10. Bxe3 Bb7 11. Be2 Nc6 12. Qd2 Nb4 13. c4 Rd8 14. a3 Bxf3 15. gxf3 Nc6 16. Rc1 Bd6 17. Rg1 g6 18. h4 O-O 19. h5 e5 20. d5 Nd4 21. Bg5 Rde8 22. Qd3 f5 23. hxg6 hxg6 24. Be3 Kf7 25. Kd2 Rh8 26. Rg2 Nxe2 27. Kxe2 e4 28. fxe4 Rxe4 29. f3 Rxe3+ 30. Kxe3 Bf4+ 0-1

[Event "48th Indian U15-ch Open 2023"]
[Site "Jalgaon"]
[Date "2023.12.28"]
[Round "2.4"]
[White "Vignesh Advaith Vemula"]
[Black "Yashwant B"]
[Result "1/2-1/2"]
[WhiteElo "2028"]
[BlackElo "1627"]
[PlyCount "77"]
[EventDate "2023.12.30"]
[EventType "swiss"]
[EventCountry "IND"]
[TimeControl "5400+30"]

1. e4 c5 2. Nf3 d6 3. d4 cxd4 4. Nxd4 Nf6 5. Nc3 a6 6. Be3 e5 7. Nb3 Be6 8. f3 Nbd7 9. Qd2 b5 10. O-O-O Be7 11. g4 Nb6 12. g5 Nfd7 13. Na5 Qc7 14. Nd5 Bxd5 15. exd5 Rc8 16. Kb1 O-O 17. h4 Nxd5 18. Qxd5 Qxa5 19. Bd3 Nc5 20. Bxc5 dxc5 21. Qxe5 Rfe8 22. h5 Bf8 23. Qf4 Qc7 24. Qh4 c4 25. Be4 c3 26. g6 fxg6 27. hxg6 h6 28. Bd5+ Kh8 29. Qd4 Qe5 30. bxc3 Rxc3 31. Bf7 Qxd4 32. Rxd4 Rec8 33. Be6 Re8 34. Bf7 Rec8 35. Rd7 Rxc2 36. Be6 R2c7 37. Rxc7 Rxc7 38. Rc1 Rxc1+ 39. Kxc1 1/2-1/2

[Event "48th Indian U15-ch Open 2023"]
[Site "Jalgaon"]
[Date "2023.12.28"]
[Round "2.5"]
[White "Tirth Jayeshkumar Parmar"]
[Black "Vivaan Vijay Saraogi"]
[Result "0-1"]
[WhiteElo "1612"]
[BlackElo "1982"]
[PlyCount "92"]
[EventDate "2023.12.30"]
[EventType "swiss"]
[EventCountry "IND"]
[TimeControl "5400+30"]

1. e4 c5 2. Nf3 d6 3. Bb5+ Nd7 4. d4 cxd4 5. Qxd4 a6 6. Bxd7+ Qxd7 7. Nc3 e5 8. Qd3 f5 9. exf5 Qxf5 10. Qe2 Nf6 11. Bg5 Be6 12. Bh4 Rc8 13. O-O-O Rc4 14. Bxf6 gxf6 15. Nd5 Rc5 16. Nc3 d5 17. Kb1 Rg8 18. h3 Rxg2 19. Nh4 Rxf2 20. Nxf5 Rxe2 21. Nd4 Rxc3 22. Nxe2 Re3 23. Nc1 Kd7 24. h4 h5 25. Rdg1 Bg4 26. Nd3 f5 27. Re1 Rxe1+ 28. Rxe1 e4 29. Nf4 Kd6 30. c3 Bh6 31. Rf1 Bxf4 32. Rxf4 Ke5 33. Rf1 f4 34. Kc2 f3 35. Kd2 Kf4 36. Re1 f2 37. Rf1 e3+ 38. Kd3 Kf3 39. b4 e2 40. Rxf2+ Kxf2 41. Kd4 e1=Q 42. Kxd5 Qxc3 43. a3 Qc6+ 44. Kd4 b5 45. Ke5 Ke3 46. a4 Qe6# 0-1

[Event "48th Indian U15-ch Open 2023"]
[Site "Jalgaon"]
[Date "2023.12.28"]
[Round "2.6"]
[White "Mrithyunjay Mahadevan"]
[Black "Vandan Alankar Sawai"]
[Result "1-0"]
[WhiteElo "1944"]
[BlackElo "1619"]
[PlyCount "113"]
[EventDate "2023.12.30"]
[EventType "swiss"]
[EventCountry "IND"]
[TimeControl "5400+30"]

1. c4 e6 2. g3 d5 3. Bg2 Nf6 4. Nf3 dxc4 5. Qa4+ Bd7 6. Qxc4 c5 7. Ne5 Qc7 8. Nxd7 Qxd7 9. O-O Nc6 10. Nc3 Be7 11. Qa4 Nd5 12. Qg4 h5 13. Qc4 O-O-O 14. a3 Na5 15. Qd3 c4 16. Qc2 h4 17. Nxd5 exd5 18. d3 hxg3 19. hxg3 Nb3 20. Rb1 Nd4 21. Qd1 Bc5 22. b4 Qg4 23. Re1 c3 24. Ra1 c2 25. Qd2 Bb6 26. Qg5 Qxg5 27. Bxg5 f6 28. Be3 Nb3 29. Ra2 d4 30. Rxc2+ Kd7 31. Bc1 Nxc1 32. Rexc1 Rb8 33. Rc4 f5 34. a4 Rhc8 35. a5 Bc7 36. Rxd4+ Ke7 37. Rdc4 Kd8 38. Bh3 g6 39. g4 Bd6 40. Rxc8+ Rxc8 41. Rxc8+ Kxc8 42. gxf5 gxf5 43. Bxf5+ Kd8 44. b5 a6 45. bxa6 bxa6 46. d4 Bc7 47. Bd3 Bxa5 48. Bxa6 Bc3 49. e3 Ke7 50. f4 Kf6 51. Kf2 Ba5 52. e4 Bc3 53. Ke3 Ke6 54. Bc8+ Kd6 55. e5+ Kd5 56. Bb7+ Kc4 57. d5 1-0

[Event "48th Indian U15-ch Open 2023"]
[Site "Jalgaon"]
[Date "2023.12.28"]
[Round "2.7"]
[White "Soni Atharv"]
[Black "Samyak Dharewa"]
[Result "0-1"]
[WhiteElo "1605"]
[BlackElo "1939"]
[PlyCount "115"]
[EventDate "2023.12.30"]
[EventType "swiss"]
[EventCountry "IND"]
[TimeControl "5400+30"]
[WhiteClock "0:04:23"]
[BlackClock "0:35:43"]

1. e4 c5 2. Nf3 e6 3. d4 cxd4 4. Nxd4 a6 5. c4 Nf6 6. Nc3 Bb4 7. Bd3 Qc7 8. O-O Nc6 9. Nxc6 dxc6 10. Qe2 e5 11. Be3 Ng4 12. Rac1 Nxe3 13. Qxe3 Be7 14. Na4 Be6 15. Nc5 Bxc5 16. Qxc5 b6 17. Qe3 c5 18. Rfd1 O-O-O 19. Be2 Rd4 20. b3 Rhd8 21. f3 h6 22. a3 Qe7 23. g3 Qg5 24. Qxg5 hxg5 25. Kf2 Rh8 26. Kg2 g4 27. fxg4 Rxe4 28. Bf3 Re3 29. Rd6 e4 30. Bd1 Kc7 31. Rd2 Re1 32. Re2 Rxd1 33. Rxd1 Bxg4 34. Red2 Bxd1 35. Rxd1 Rd8 36. Rf1 Rd7 37. Rf4 Rd2+ 38. Kg1 e3 39. Kf1 f6 40. Rg4 g5 41. h4 gxh4 42. gxh4 Kd6 43. Rg3 Rd3 44. Ke2 Rxb3 45. h5 Rb2+ 46. Kxe3 Rh2 47. Rg6 Ke5 48. Rh6 Rh3+ 49. Kf2 Rxa3 50. Rh8 Kf5 51. Rb8 Rb3 52. h6 Kg6 53. Rf8 Kxh6 54. Rxf6+ Kg5 55. Rd6 Kf4 56. Rd2 Ke4 57. Ke2 Rb4 58. Rc2 0-1

[Event "48th Indian U15-ch Open 2023"]
[Site "Jalgaon"]
[Date "2023.12.28"]
[Round "2.8"]
[White "Ankit Ray"]
[Black "Swastik Singhal"]
[Result "1/2-1/2"]
[WhiteElo "1898"]
[BlackElo "1611"]
[PlyCount "64"]
[EventDate "2023.12.30"]
[EventType "swiss"]
[EventCountry "IND"]
[TimeControl "5400+30"]

1. Nf3 Nf6 2. g3 d5 3. Bg2 e6 4. O-O Be7 5. c4 O-O 6. b3 c5 7. cxd5 Nxd5 8. Bb2 Nc6 9. d4 Bf6 10. e4 Nb6 11. e5 Be7 12. dxc5 Bxc5 13. Qc2 Qe7 14. a3 Rd8 15. Nbd2 Nd5 16. Rfd1 h6 17. Ne4 Bb6 18. h4 Bc7 19. b4 Bd7 20. Nc5 b6 21. Rxd5 exd5 22. Nxd7 Qxd7 23. Rc1 Bxe5 24. Bxe5 Rac8 25. Qd2 d4 26. Bf4 d3 27. Be3 Ne7 28. Rxc8 Qxc8 29. Ne1 Ng6 30. f4 Qg4 31. Kf2 Ne7 32. Be4 Nf5 1/2-1/2

[Event "48th Indian U15-ch Open 2023"]
[Site "Jalgaon"]
[Date "2023.12.28"]
[Round "2.9"]
[White "Jihan Tejas Shah"]
[Black "Pritish Vashisht"]
[Result "1-0"]
[WhiteElo "1891"]
[BlackElo "1604"]
[PlyCount "120"]
[EventDate "2023.12.30"]
[EventType "swiss"]
[EventCountry "IND"]
[TimeControl "5400+30"]

1. d4 Nf6 2. c4 e6 3. Nc3 Bb4 4. Qc2 O-O 5. e4 c5 6. dxc5 Nc6 7. Nf3 Bxc5 8. Bg5 Nd4 9. Qd3 Nxf3+ 10. Qxf3 Bd4 11. Bd3 h6 12. Bh4 Qa5 13. Rc1 b6 14. O-O Bb7 15. Qe2 d5 16. Nb5 dxe4 17. Bb1 Rad8 18. a3 Be5 19. b4 Qa6 20. f4 Bd4+ 21. Kh1 e3 22. Rcd1 Ba1 23. Bd3 Bc6 24. Rxa1 Qb7 25. Rad1 Rd7 26. Bc2 Bxg2+ 27. Qxg2 e2 28. Qxb7 exf1=Q+ 29. Rxf1 Rxb7 30. Bxf6 gxf6 31. Rg1+ Kh8 32. Rd1 f5 33. Kg2 Kh7 34. Kf3 a6 35. Nc3 Rc7 36. Bb3 Rfc8 37. Rd6 Rb7 38. Na4 Rcb8 39. Ke3 Kg7 40. Bd1 Kf6 41. Bf3 Ke7 42. Bxb7 Kxd6 43. Bxa6 Kc7 44. c5 b5 45. Nc3 Ra8 46. Bxb5 Rxa3 47. Kd4 Ra1 48. Be2 f6 49. b5 Rc1 50. b6+ Kb8 51. c6 e5+ 52. Kd3 Ra1 53. c7+ Kb7 54. Bf3+ Kc8 55. Nb5 e4+ 56. Ke3 Ra8 57. Na7+ Kb7 58. c8=Q+ Rxc8 59. Nxc8 Kxc8 60. Bxe4 Kd7 1-0

[Event "48th Indian U15-ch Open 2023"]
[Site "Jalgaon"]
[Date "2023.12.28"]
[Round "2.10"]
[White "Bharat Bansal"]
[Black "Arshpreet Singh"]
[Result "0-1"]
[WhiteElo "1602"]
[BlackElo "1878"]
[PlyCount "55"]
[EventDate "2023.12.30"]
[EventType "swiss"]
[EventCountry "IND"]
[TimeControl "5400+30"]
[BlackClock "0:00:39"]

1. e4 c5 2. Nf3 Nc6 3. d4 cxd4 4. Nxd4 g6 5. c4 Bg7 6. Be3 Nf6 7. Nc3 O-O 8. Be2 d6 9. O-O Nd7 10. Qd2 Nc5 11. Rfd1 Be6 12. Rac1 Rc8 13. f3 Qb6 14. Nxe6 fxe6 15. Na4 Qc7 16. Nc3 Qa5 17. Kh1 Bf6 18. Bf1 a6 19. Qf2 Bxc3 20. bxc3 Nxe4 21. Qe1 Nc5 22. Bxc5 Qxc5 23. Qxe6+ Kh8 24. Rd5 Qa3 25. Rcd1 Qxc3 26. Bd3 Nb4 27. Qe2 Nc6 28. Rb1 0-1

[Event "48th Indian U15-ch Open 2023"]
[Site "Jalgaon"]
[Date "2023.12.28"]
[Round "3.1"]
[White "Mayank Chakraborty"]
[Black "Rohith S"]
[Result "1-0"]
[WhiteElo "2403"]
[BlackElo "1757"]
[PlyCount "63"]
[EventDate "2023.12.30"]
[EventType "swiss"]
[EventCountry "IND"]
[TimeControl "5400+30"]

1. d4 Nf6 2. c4 g6 3. g3 Bg7 4. Bg2 O-O 5. Nc3 d6 6. Nf3 Nbd7 7. O-O e5 8. e4 a6 9. h3 b5 10. cxb5 axb5 11. b4 Nb6 12. Qc2 Nfd7 13. Rd1 Ba6 14. d5 Qc8 15. Bf1 c6 16. dxc6 Qxc6 17. a4 Rfc8 18. axb5 Qxc3 19. Qxc3 Rxc3 20. bxa6 Rxf3 21. Be3 Rf6 22. Bb5 Re6 23. a7 Bf8 24. Bc6 Be7 25. Ra6 Bd8 26. Bxa8 Nxa8 27. Raxd6 Rxd6 28. Rxd6 Bb6 29. Rxd7 Bxe3 30. Rd8+ Kg7 31. fxe3 Nb6 32. Rb8 1-0

[Event "48th Indian U15-ch Open 2023"]
[Site "Jalgaon"]
[Date "2023.12.28"]
[Round "3.2"]
[White "Pranay Akula"]
[Black "Shaik Sumer Arsh"]
[Result "0-1"]
[WhiteElo "1712"]
[BlackElo "2255"]
[PlyCount "86"]
[EventDate "2023.12.30"]
[EventType "swiss"]
[EventCountry "IND"]
[TimeControl "5400+30"]

1. e4 e6 2. d4 d5 3. Nc3 Nf6 4. Bg5 dxe4 5. Nxe4 Be7 6. Bxf6 gxf6 7. Nf3 f5 8. Ng3 h5 9. h4 Nd7 10. Be2 Nf6 11. Qd2 Ng4 12. Bd3 Qd6 13. O-O-O Bd7 14. Kb1 O-O-O 15. Qe2 Bf6 16. c3 Kb8 17. Nf1 c5 18. Bc2 Qb6 19. Ne3 Bb5 20. Bd3 cxd4 21. cxd4 Bc6 22. Nc4 Qc7 23. Nce5 Nxe5 24. dxe5 Bxf3 25. Qxf3 Qxe5 26. Qe2 Qf4 27. g3 Qb4 28. a3 Qb6 29. Bc4 Rc8 30. Rd2 Qc6 31. Rc1 b5 32. Rdc2 bxc4 33. Rxc4 Qd5 34. Rb4+ Ka8 35. Rd1 Qc6 36. Ka2 Rb8 37. Rc1 Qd5+ 38. Ka1 Rxb4 39. axb4 Rb8 40. Qa6 Rxb4 41. Rc8+ Rb8 42. Rc2 Qd1+ 43. Ka2 Qxc2 0-1

[Event "48th Indian U15-ch Open 2023"]
[Site "Jalgaon"]
[Date "2023.12.28"]
[Round "3.3"]
[White "Md Imran"]
[Black "Vatsal Singla"]
[Result "1-0"]
[WhiteElo "2174"]
[BlackElo "1714"]
[PlyCount "57"]
[EventDate "2023.12.30"]
[EventType "swiss"]
[EventCountry "IND"]
[TimeControl "5400+30"]

1. c4 e6 2. g3 d5 3. Bg2 c6 4. Qc2 Nf6 5. Nf3 Bd6 6. O-O e5 7. d4 e4 8. Ne5 Nbd7 9. Bf4 Qe7 10. Nxd7 Bxd7 11. Bg5 O-O 12. Nc3 Be6 13. cxd5 cxd5 14. f3 h6 15. Bxf6 Qxf6 16. Qd2 exf3 17. Bxf3 Qd8 18. Bxd5 Bxd5 19. Nxd5 Bxg3 20. Nf6+ gxf6 21. hxg3 Kg7 22. Rf5 Qc7 23. Kf2 Rac8 24. Rh1 Rh8 25. Rh4 Kg6 26. Qd3 Qc2 27. Rg4+ Kh7 28. Rfg5+ Qxd3 29. Rg7# 1-0